APP
DANVILLE BRAVES @ BRISTOL PIRATES
09/26/2047
 
TOP OF THE 1ST
Danville Braves batting - Pitching for Bristol Pirates : RHP Joe Simanton
Pitching: RHP Joe Simanton
Batting: RHB Richard Saquic 0-0: Called Strike
0-1: Called Strike
0-2: Ball
1-2: Ground out 6-3 (Groundball, 56, EV 84.4 MPH)
Batting: RHB Manny Hensley 0-0: Ball
1-0: Ground out 6-3 (Groundball, 6, EV 100.6 MPH)
Batting: LHB Ricardo Sandoval 0-0: Called Strike
0-1: Ball
1-1: Foul Ball, location: 2F
1-2: Strikes out swinging
Top of the 1st over - 0 runs, 0 hits, 0 errors, 0 left on base; Danville 0 - Bristol 0
BOTTOM OF THE 1ST
Bristol Pirates batting - Pitching for Danville Braves : RHP Rick Grenfell
Pitching: RHP Rick Grenfell
Batting: LHB Norm Silveira-Wray 0-0: Foul Ball, location: 2F
0-1: Ball
1-1: Called Strike
1-2: Foul Ball, location: 2F
1-2: Ball
2-2: Foul Ball, location: 2F
2-2: Ground out 1-3 (Groundball, 34S, EV 69.4 MPH)
Batting: LHB Josh Aerni 0-0: Ground out 3-1 (Groundball, 34, EV 77.5 MPH)
Batting: LHB Chad Cutler 0-0: Ground out 4-3 (Groundball, 4M, EV 88.8 MPH)
Bottom of the 1st over - 0 runs, 0 hits, 0 errors, 0 left on base; Danville 0 - Bristol 0
TOP OF THE 2ND
Danville Braves batting - Pitching for Bristol Pirates : RHP Joe Simanton
Batting: RHB Chris Trites 0-0: Ball
1-0: Ball
2-0: Ball
3-0: Called Strike
3-1: TRIPLE (Line Drive, 78XD, EV 106.9 MPH)
Batting: SHB Karl Starnes 0-0: Ball
1-0: Ball
2-0: Ball
3-0: Called Strike
3-1: Called Strike
3-2: SINGLE (Groundball, 4M, EV 104.4 MPH) (infield hit)
Chris Trites scores
Batting: LHB Diego Garcia 0-0: Called Strike
0-1: Called Strike
0-2: Strikes out swinging
Batting: RHB Rodolfo Cosme 0-0: Called Strike
0-1: Called Strike
0-2: Ball
1-2: Ball
2-2: Strikes out swinging
Batting: RHB Danny Dimas 0-0: Fly out, F6 (Line Drive, 6, EV 63.8 MPH)
Top of the 2nd over - 1 run, 2 hits, 0 errors, 1 left on base; Danville 1 - Bristol 0
BOTTOM OF THE 2ND
Bristol Pirates batting - Pitching for Danville Braves : RHP Rick Grenfell
Batting: RHB Alain Marquet 0-0: Called Strike
0-1: Ball
1-1: Ball
2-1: Foul Ball, location: 2F
2-2: TRIPLE (Flyball, 9LD, EV 105.0 MPH)
Batting: RHB Dave Fredericks 0-0: Ball
1-0: Ball
2-0: Ball
3-0: Called Strike
3-1: Foul Ball, location: 2F
3-2: Strikes out swinging
Batting: SHB Ronnie Brooks 0-0: SINGLE (Line Drive, 9S, EV 110.0 MPH)
Alain Marquet scores
Batting: LHB Tomohiro Yokoyama 0-0: Foul Ball, location: 2F
0-1: Foul Ball, location: 2F
0-2: Ball
1-2: Ball
2-2: Foul Ball, location: 2F
2-2: Strikes out swinging
Batting: RHB Alex Arzate 0-0: Ball
1-0: Fielders Choice at 2nd, 5-4 (Groundball, 56, EV 100.6 MPH)
Bottom of the 2nd over - 1 run, 2 hits, 0 errors, 1 left on base; Danville 1 - Bristol 1
TOP OF THE 3RD
Danville Braves batting - Pitching for Bristol Pirates : RHP Joe Simanton
Batting: RHB Mennad Maalik 0-0: Called Strike
0-1: Ball
1-1: Foul Ball, location: 2F
1-2: Ball
2-2: Ball
3-2: Strikes out swinging
Batting: RHB Richard Saquic 0-0: Ball
1-0: Ball
2-0: Foul Ball, location: 2F
2-1: Ball
3-1: Foul Ball, location: 2F
3-2: Foul Ball, location: 2F
3-2: SOLO HOME RUN (Flyball, 89XD, EV 108.1 MPH), Distance : 421 ft
Batting: RHB Manny Hensley 0-0: Called Strike
0-1: Ball
1-1: Reached on error, E6 (Groundball, 56D, EV 104.4 MPH)
Batting: LHB Ricardo Sandoval 0-0: Ball
1-0: Foul Ball, location: 2F
1-1: Grounds out, U3 (Groundball, 3L, EV 100.6 MPH)
Batting: RHB Chris Trites 0-0: Called Strike
0-1: Ball
1-1: Foul Ball, location: 2F
1-2: Fly out, F7 (Flyball, 78M, EV 86.9 MPH)
Top of the 3rd over - 1 run, 1 hit, 1 error, 1 left on base; Danville 2 - Bristol 1
BOTTOM OF THE 3RD
Bristol Pirates batting - Pitching for Danville Braves : RHP Rick Grenfell
Batting: RHB Chris Arroyo 0-0: Ball
1-0: Called Strike
1-1: Ground out 5-3 (Groundball, 56, EV 87.5 MPH)
Batting: LHB Norm Silveira-Wray 0-0: Ball
1-0: Ball
2-0: Called Strike
2-1: Ball
3-1: Foul Ball, location: 2F
3-2: Fly out, F8 (Flyball, 89M, EV 88.1 MPH)
Batting: LHB Josh Aerni 0-0: Called Strike
0-1: SINGLE (Groundball, 3D, EV 98.8 MPH)
Batting: LHB Chad Cutler 0-0: Called Strike
0-1: Ground out 4-3 (Groundball, 4, EV 101.2 MPH)
Bottom of the 3rd over - 0 runs, 1 hit, 0 errors, 1 left on base; Danville 2 - Bristol 1
TOP OF THE 4TH
Danville Braves batting - Pitching for Bristol Pirates : RHP Joe Simanton
Batting: SHB Karl Starnes 0-0: Ball
1-0: Ball
2-0: SINGLE (Groundball, 4MD, EV 94.4 MPH)
Batting: LHB Diego Garcia 0-0: Fielders Choice at 2nd, 6-4 (Groundball, 6, EV 105.6 MPH)
Batting: RHB Rodolfo Cosme 0-0: Fly out, F7 (Flyball, 78M, EV 86.9 MPH)
Batting: RHB Danny Dimas 0-0: Ball
1-0: Foul Ball, location: 2F
1-1: Ball
2-1: Foul Ball, location: 2F
2-2: Ball
3-2: Foul Ball, location: 2F
3-2: Strikes out looking
Top of the 4th over - 0 runs, 1 hit, 0 errors, 1 left on base; Danville 2 - Bristol 1
BOTTOM OF THE 4TH
Bristol Pirates batting - Pitching for Danville Braves : RHP Rick Grenfell
Batting: RHB Alain Marquet 0-0: Ball
1-0: Called Strike
1-1: Called Strike
1-2: Fly out, F7 (Flyball, 7S, EV 93.8 MPH)
Batting: RHB Dave Fredericks 0-0: SINGLE (Flyball, 4MD, EV 88.1 MPH)
Batting: SHB Ronnie Brooks 0-0: Ball
Passed Ball!
Dave Fredericks to second
1-0: Ball
2-0: Foul Ball, location: 2F
2-1: SINGLE (Line Drive, 34D, EV 99.4 MPH)
Dave Fredericks to third
Runner from 3rd tries for Home, SAFE, throw by RF to home
Batting: LHB Tomohiro Yokoyama 0-0: Called Strike
0-1: Hit by Pitch
Ronnie Brooks to second
Batting: RHB Alex Arzate 0-0: Fielders Choice at 2nd, 5-4 (Groundball, 5S, EV 86.9 MPH)
Ronnie Brooks to third
Batting: RHB Chris Arroyo 0-0: Ball
1-0: Foul Ball, location: 2F
1-1: Foul Ball, location: 2F
1-2: Foul Ball, location: 2F
1-2: 3-RUN HOME RUN (Flyball, 89XD, EV 106.2 MPH), Distance : 397 ft
Pitching: RHP Andrew Hodges
Batting: LHB Norm Silveira-Wray 0-0: Ball
1-0: Foul Ball, location: 2F
1-1: Ball
2-1: Foul Ball, location: 2F
2-2: Ball
3-2: Base on Balls
Batting: LHB Josh Aerni 0-0: Ball
1-0: Foul Ball, location: 2F
1-1: Ball
2-1: Ball
3-1: Base on Balls
Norm Silveira-Wray to second
Batting: LHB Chad Cutler 0-0: Called Strike
0-1: Foul Ball, location: 2F
0-2: Ground out U3 (Groundball, 3, EV 85.6 MPH)
Bottom of the 4th over - 4 runs, 3 hits, 0 errors, 2 left on base; Danville 2 - Bristol 5
TOP OF THE 5TH
Danville Braves batting - Pitching for Bristol Pirates : RHP Joe Simanton
Batting: RHB Mennad Maalik 0-0: Ball
1-0: Ball
2-0: Foul Ball, location: 2F
2-1: Swinging Strike
2-2: Strikes out swinging
Batting: RHB Richard Saquic 0-0: Fly out, F8 (Flyball, 8RD, EV 77.5 MPH)
Batting: RHB Manny Hensley 0-0: Swinging Strike
0-1: Ball
1-1: Ball
2-1: Ground out 4-3 (Groundball, 4, EV 92.5 MPH)
Top of the 5th over - 0 runs, 0 hits, 0 errors, 0 left on base; Danville 2 - Bristol 5
BOTTOM OF THE 5TH
Bristol Pirates batting - Pitching for Danville Braves : RHP Andrew Hodges
Batting: RHB Alain Marquet 0-0: Ball
1-0: Called Strike
1-1: Ball
2-1: Ball
3-1: Called Strike
3-2: Strikes out swinging
Batting: RHB Dave Fredericks 0-0: Called Strike
0-1: Ball
1-1: Ball
2-1: Ball
3-1: Base on Balls
Batting: SHB Ronnie Brooks 0-0: Ball
1-0: Called Strike
Pickoff Play to 1st, Runner tries for 2nd, OUT after rundown.
1-1: TRIPLE (Line Drive, 78XD, EV 106.9 MPH)
Batting: LHB Tomohiro Yokoyama 0-0: Ball
1-0: 2-RUN HOME RUN (Flyball, 89XD, EV 98.8 MPH), Distance : 397 ft
Batting: RHB Alex Arzate 0-0: Called Strike
0-1: Called Strike
0-2: Ball
1-2: Ball
2-2: Strikes out swinging, 2-3 out at first.
Bottom of the 5th over - 2 runs, 2 hits, 0 errors, 0 left on base; Danville 2 - Bristol 7
TOP OF THE 6TH
Danville Braves batting - Pitching for Bristol Pirates : RHP Joe Simanton
Batting: LHB Ricardo Sandoval 0-0: Hit by Pitch
Batting: RHB Chris Trites 0-0: Called Strike
0-1: Called Strike
0-2: Ball
1-2: Strikes out looking
Batting: SHB Karl Starnes 0-0: Called Strike
0-1: Called Strike
0-2: Ball
1-2: 2-RUN HOME RUN (Flyball, 89XD, EV 98.1 MPH), Distance : 389 ft
Batting: LHB Diego Garcia 0-0: Ball
1-0: Called Strike
1-1: Called Strike
1-2: Foul Ball, location: 2F
1-2: Ball
2-2: Strikes out swinging
Batting: RHB Rodolfo Cosme 0-0: Ball
1-0: Ball
2-0: Foul Ball, location: 2F
2-1: Foul Ball, location: 2F
2-2: Strikes out looking
Top of the 6th over - 2 runs, 1 hit, 0 errors, 0 left on base; Danville 4 - Bristol 7
BOTTOM OF THE 6TH
Bristol Pirates batting - Pitching for Danville Braves : RHP Andrew Hodges
Batting: RHB Chris Arroyo 0-0: Swinging Strike
0-1: Swinging Strike
0-2: Ball
1-2: Strikes out looking
Batting: LHB Norm Silveira-Wray 0-0: Called Strike
0-1: Called Strike
0-2: Ball
1-2: Ball
2-2: Ball
3-2: Foul Ball, location: 2F
3-2: Ground out U3 (Groundball, 34, EV 86.2 MPH)
Batting: LHB Josh Aerni 0-0: Called Strike
0-1: Swinging Strike
0-2: Foul Ball, location: 2F
0-2: Foul Ball, location: 2F
0-2: Ball
1-2: Ball
2-2: Ball
3-2: Foul Ball, location: 2F
3-2: Base on Balls
Pitching: RHP Armando Padron
Batting: LHB Chad Cutler 0-0: Called Strike
0-1: Ball
1-1: Called Strike
1-2: Strikes out looking
Bottom of the 6th over - 0 runs, 0 hits, 0 errors, 1 left on base; Danville 4 - Bristol 7
TOP OF THE 7TH
Danville Braves batting - Pitching for Bristol Pirates : RHP Joe Simanton
Pitching: RHP Pat Hall
Batting: RHB Danny Dimas 0-0: Called Strike
0-1: Ground out 4-3 (Groundball, 4, EV 108.1 MPH)
Batting: RHB Mennad Maalik 0-0: Ball
1-0: Ground out 5-3 (Groundball, 5S, EV 71.2 MPH)
Batting: RHB Richard Saquic 0-0: Ball
1-0: Called Strike
1-1: Called Strike
1-2: Foul Ball, location: 2F
1-2: Strikes out swinging
Top of the 7th over - 0 runs, 0 hits, 0 errors, 0 left on base; Danville 4 - Bristol 7
BOTTOM OF THE 7TH
Bristol Pirates batting - Pitching for Danville Braves : RHP Armando Padron
Batting: RHB Alain Marquet 0-0: SINGLE (Groundball, 4MD, EV 105.0 MPH)
Batting: RHB Dave Fredericks 0-0: Ball
1-0: Foul Ball, location: 2F
1-1: Foul Ball, location: 2F
1-2: Hit by Pitch
Alain Marquet to second
Batting: SHB Ronnie Brooks 0-0: SINGLE (Groundball, 34D, EV 98.1 MPH)
Alain Marquet to third
Dave Fredericks to second
Batting: LHB Tomohiro Yokoyama 0-0: Called Strike
0-1: Foul Ball, location: 2F
0-2: Foul Ball, location: 2F
0-2: Ball
1-2: Grounds into fielders choice 4-2 (Groundball, 4, EV 88.8 MPH)
Dave Fredericks to third
Ronnie Brooks to second
Batting: RHB Alex Arzate 0-0: Ball
1-0: Fly out, F8 (Flyball, 78M, EV 91.9 MPH)
Runner from 3rd tags up, SCORES, throw by CF
Batting: RHB Chris Arroyo 0-0: Ball
1-0: Fly out, F9 (Flyball, 89S, EV 83.1 MPH)
Bottom of the 7th over - 1 run, 2 hits, 0 errors, 2 left on base; Danville 4 - Bristol 8
TOP OF THE 8TH
Danville Braves batting - Pitching for Bristol Pirates : RHP Pat Hall
Batting: RHB Manny Hensley 0-0: Swinging Strike
0-1: Swinging Strike
0-2: Ball
1-2: Strikes out swinging
Batting: LHB Ricardo Sandoval 0-0: Ball
1-0: Called Strike
1-1: Ball
2-1: Ball
3-1: Base on Balls
Pitching: RHP Eldon Darrah
Batting: RHB Chris Trites 0-0: Fielders Choice at 2nd, 6-4 (Groundball, 6, EV 98.8 MPH)
Batting: SHB Karl Starnes 0-0: Foul Ball, location: 2F
0-1: Ball
1-1: SINGLE (Flyball, 5D, EV 90.6 MPH)
Chris Trites to second
Batting: LHB Diego Garcia 0-0: Ball
1-0: Called Strike
1-1: Foul Ball, location: 2F
1-2: Foul Ball, location: 2F
1-2: Strikes out swinging
Top of the 8th over - 0 runs, 1 hit, 0 errors, 2 left on base; Danville 4 - Bristol 8
BOTTOM OF THE 8TH
Bristol Pirates batting - Pitching for Danville Braves : RHP Armando Padron
Batting: LHB Norm Silveira-Wray 0-0: Foul Ball, location: 2F
0-1: Ground out 4-3 (Groundball, 4, EV 103.8 MPH)
Batting: LHB Josh Aerni 0-0: Called Strike
0-1: Foul Ball, location: 2F
0-2: Ball
1-2: Ball
2-2: Strikes out swinging
Batting: LHB Chad Cutler 0-0: Ball
1-0: Ball
2-0: Fly out, F8 (Flyball, 8LD, EV 108.1 MPH)
Bottom of the 8th over - 0 runs, 0 hits, 0 errors, 0 left on base; Danville 4 - Bristol 8
TOP OF THE 9TH
Danville Braves batting - Pitching for Bristol Pirates : RHP Eldon Darrah
Batting: RHB Rodolfo Cosme 0-0: Fly out, F7 (Flyball, 7, EV 86.9 MPH)
Pinch Hitting: LHB Jason Herr 0-0: Called Strike
0-1: Ball
1-1: Ball
2-1: Ball
3-1: SOLO HOME RUN (Line Drive, 89XD, EV 98.1 MPH), Distance : 398 ft
Pinch Hitting: LHB Mitsujiro Tanaka 0-0: SINGLE (Line Drive, 3D, EV 100.0 MPH)
Pitching: RHP Serguei Rudakovsky
Batting: RHB Richard Saquic 0-0: Ball
1-0: Ball
2-0: Fly out, F8 (Flyball, 8RD, EV 94.4 MPH)
Batting: RHB Manny Hensley 0-0: Called Strike
0-1: Fielders Choice at 2nd, 5-4 (Groundball, 5, EV 108.1 MPH)
Top of the 9th over - 1 run, 2 hits, 0 errors, 1 left on base; Danville 5 - Bristol 8
Thursday, December 15th , 2022 - OOTP Baseball 23.9 Build 102